 Dungeon Crawl Stone Soup version 0.27.1-34-g3ba077fa99 (webtiles) character file.

Game seed: 4200974467603845481

4326 riojii the Thaumaturge (level 10, -5/60 HPs)
             Began as a Djinni Ice Elementalist on Jan 6, 2022.
             Was an Initiate of Hepliaklqana.
             Slain by an ice devil (30 damage)
             ... summoned by a kobold demonologist
             ... on level 9 of the Dungeon.
             The game lasted 00:48:46 (11115 turns).

riojii the Thaumaturge (Djinni Ice Elementalist)   Turns: 11115, Time: 00:48:46

Health: -5/60      AC: 11    Str:  7    XL:     10   Next: 59%
Gold:   243        EV: 16    Int: 20    God:    Hepliaklqana [......] SH:  0 Dex: 14

rFire    + + .     SeeInvis +   k - +3 quarterstaff (chaos)
rCold    x . .     Faith    .   (shield currently unavailable)
rNeg     + . .     Spirit   .   y - +0 robe {Will+}
rPois    ∞         Reflect  .   (no helmet)
rElec    .         Harm     .   l - +0 cloak
rCorr    .         Rampage  .   (no gloves)
Will     ++...                  (boots unavailable)
Stlth    +++.......             (no amulet)
HPRegen  0.20/turn              p - ring of see invisible
MPRegen  0.00/turn              o - ring of positive energy

@: ice-armoured, freezing walls, flying
A: sickness immunity, fire resistance 2, cold vulnerability 1, float, innate
caster, hp casting, extra vitality 1
a: Renounce Religion


You were on level 9 of the Dungeon.
You worshipped Hepliaklqana.
Hepliaklqana was noncommittal.
You visited 2 branches of the dungeon, and saw 11 of its levels.

You collected 408 gold pieces.
You spent 165 gold pieces at shops.

Inventory:

Hand Weapons
 k - a +3 quarterstaff of chaos (weapon)
Missiles
 c - a throwing net
Armour
 l - a +0 cloak (worn)
 y - a +0 robe of willpower (worn)
Jewellery
 o - a ring of positive energy (right hand)
 p - a ring of see invisible (left hand)
Wands
 j - a wand of flame (54)
 w - a wand of iceblast (5)
Scrolls
 b - 3 scrolls of blinking {unknown}
 d - 2 scrolls of amnesia {unknown}
 f - 12 scrolls of identify {unknown}
 i - 2 scrolls of fear {unknown}
 m - 2 scrolls of teleportation {unknown}
 n - a scroll of silence {unknown}
 t - a scroll of brand weapon {unknown}
 u - a scroll of immolation {unknown}
Potions
 a - a potion of brilliance {unknown}
 e - 2 potions of resistance {unknown}
 g - 2 potions of degeneration {unknown}
 h - a potion of berserk rage {unknown}
 q - a potion of magic {unknown}
 r - 5 potions of might {unknown}
 s - a potion of cancellation {unknown}
 v - a potion of attraction {unknown}
 x - a potion of heal wounds {unknown}
 z - a potion of lignification {unknown}
 A - a potion of curing {unknown}


   Skills:
 + Level 8.4 Dodging
 + Level 6.9 Stealth
 * Level 8.8 Spellcasting


You had 6 spell levels left.
You knew the following spells:

 Your Spells              Type           Power      Damage    Failure   Level
a - Freeze                Ice            100%       1d11      1%          1
b - Frozen Ramparts       Ice            88%        1d10      1%          3
c - Ozocubu's Armour      Ice            44%        N/A       1%          3
d - Hailstorm             Conj/Ice       44%        3d10      1%          4
e - Shock                 Conj/Air       100%       1d9       1%          1
f - Slow                  Hex            44%        N/A       1%          2
g - Poisonous Vapours     Pois/Air       88%        N/A       1%          2
h - Petrify               Tmut/Erth      44%        N/A       1%          4
Your spell library was empty.

Dungeon Overview and Level Annotations

Branches:
Dungeon (10/15)            Temple (1/1) D:7
   Lair: D:8-11         Orc: D:9-12

Altars:
Ashenzari
Cheibriados
Dithmenos
Elyvilon
Fedhas
Gozag
Hepliaklqana
Kikubaaqudgha
Makhleb
Nemelex Xobeh
Okawaru
Qazlal
Ru
Sif Muna
Trog
Uskayaw
Vehumet
Wu Jian
Xom
Yredelemnul
Zin
The Shining One

Shops:
D:6 =   D:7 (


Innate Abilities, Weirdness & Mutations

You are immune to sickness and miasma.
You are immune to poison.
Your flesh is very heat resistant. (rF++)
You are vulnerable to cold. (rC-)
You float through the air rather than walking.
You learn spells naturally, not from books.
Your magical power is your life essence.
You have superior vitality. (+4 HP)


Message History

The ice devil completely resists.
The wall freezes the ice devil but does no damage.
Casting: Frozen Ramparts (safe; 1% risk of failure)
Confirm with . or Enter, or press ? or * to list all spells.
You cannot sustain more frozen ramparts right now.
Casting: Frozen Ramparts (safe; 1% risk of failure)
Confirm with . or Enter, or press ? or * to list all spells.
A film of ice covers your body!
The crimson imp blinks!
The ufetubus resists.
The wall freezes the ufetubus.
Casting: Ozocubu's Armour (safe; 1% risk of failure)
Confirm with . or Enter, or press ? or * to list all spells.
Aiming: Shock (safe; 1% risk of failure)
Press: ? - help, Shift-Dir - straight line, f - kobold demonologist
Aim: a kobold demonologist, wielding a +0 dagger and wearing a +0 robe (lightly wounded, 64% to hit)
The zap hits the ice devil but does no damage.
The zap hits the kobold demonologist.
The kobold demonologist is moderately wounded.
The ufetubus completely resists.
The wall freezes the ufetubus but does no damage.
The ufetubus barely misses you. The ufetubus closely misses you.
The wall freezes the kobold demonologist.
The kobold demonologist casts a spell.
The ice devil misses you.
Casting: Shock (safe; 1% risk of failure)
Confirm with . or Enter, or press ? or * to list all spells.
Aiming: Shock (safe; 1% risk of failure)
Press: ? - help, Shift-Dir - straight line, f/p - kobold demonologist
Aim: a kobold demonologist, wielding a +0 dagger and wearing a +0 robe (moderately wounded, 64% to hit)
The zap hits the ice devil.
The ice devil is lightly wounded.
The zap hits the kobold demonologist.
The kobold demonologist is heavily wounded.
The zap hits the sun demon.
The sun demon resists.
The sun demon is lightly wounded.
The ufetubus resists.
The wall freezes the ufetubus.
The ufetubus barely misses you. x2; The crimson imp blinks!
The wall freezes the kobold demonologist.
The ice devil hits you. The ice devil freezes you!!
You feel a terrible chill!
Ouch! That really hurt!
You die...

..)#.................3.5.8)..8...
...#..................5###))'###.
####..............5...##..)....##
.........(###'#....5..#.........#
..........#...#..3#####...).....#
..........#...#.4.# #..ZZ.....#
..........+...#.5K# +.........+
..........#...#54.# #.........#
#.........#...#.@.# #..8Z..8..#
#.........#...#...# #.##K''##.#
#.........#...#.[.# ## .....###
#.........#...#...# .......
#.........#...#...# .........
#.........#...#...# .........
#.........######### ...÷÷÷....
#.........#.......#
#.........#.......#


You could see a sun demon (summoned), an orange demon (summoned), an ice devil
(summoned), a kobold demonologist, a quasit (summoned), a crimson imp (summoned)
and an ufetubus (summoned).

Vanquished Creatures
  Erolcha (D:9)
  4 yaks (D:8)
  2 steam dragons (D:7)
  A water moccasin (D:9)
  2 orc warriors
  A necrophage (D:6)
  An ogre (D:6)
  4 centaurs
  6 kobold brigands
  3 scorpions
  A bullfrog (D:7)
  A gnoll sergeant (D:9)
  A water moccasin zombie (D:6)
  8 killer bees (D:7)
  2 howler monkeys (D:5)
  A bullfrog zombie (D:5)
  2 centaur zombies (D:9)
  2 hounds
  Crazy Yiuf (D:2)
  2 orc priests (D:9)
  A gnoll shaman (D:5)
  A bullfrog skeleton (D:7)
  A centaur skeleton (D:7)
  3 iguanas
  4 orc wizards
  11 gnolls
  4 adders
  2 shadow imps
  A white imp (D:7)
  A worm (D:2)
  An adder skeleton (D:4)
  3 dart slugs
  18 orcs
  7 ball pythons
  3 bats
  6 endoplasms
  5 goblins
  10 hobgoblins
  5 quokkas
  4 frilled lizards (D:1)
  15 kobolds
  8 kobold skeletons (D:9)
  7 kobold zombies (D:9)
  8 rats
175 creatures vanquished.

Vanquished Creatures (others)
  A gnoll (D:7)
  A plant (D:1)
2 creatures vanquished.

Grand Total: 177 creatures vanquished

Notes
Turn   | Place    | Note
-------+----------+-------------------------------------------
     0 | D:1      | riojii the Djinni Ice Elementalist began the quest for the
                  | Orb.
     0 | D:1      | Reached XP level 1. HP: 15/15 MP: 0/0
   352 | D:1      | Reached XP level 2. HP: 20/21 MP: 0/0
   436 | D:1      | Found a faded altar of an unknown god.
   851 | D:1      | Reached XP level 3. HP: 24/25 MP: 0/0
   851 | D:1      | Learned a level 1 spell: Shock
  2023 | D:2      | Reached XP level 4. HP: 29/31 MP: 0/0
  2156 | D:2      | Found a runed translucent door.
  2157 | D:2      | Noticed Crazy Yiuf
  2301 | D:2      | You are sucked into a shaft and drop 2 floors!
  2505 | D:4      | Reached XP level 5. HP: 23/35 MP: 0/0
  2505 | D:4      | Learned a level 2 spell: Slow
  3072 | D:2      | Killed Crazy Yiuf
  4286 | D:4      | Reached XP level 6. HP: 34/40 MP: 0/0
  4562 | D:5      | Entered Level 5 of the Dungeon
  4870 | D:5      | Found a shimmering altar of Xom.
  4935 | D:5      | Reached skill level 5 in Spellcasting
  4935 | D:5      | Reached XP level 7. HP: 42/45 MP: 0/0
  4935 | D:5      | Learned a level 2 spell: Poisonous Vapours
  5968 | D:6      | Reached skill level 5 in Dodging
  5968 | D:6      | Reached XP level 8. HP: 3/50 MP: 0/0
  6337 | D:6      | Found Polyosmu's Jewellery Emporium.
  6343 | D:6      | Bought a ring of see invisible for 165 gold pieces
  7327 | D:7      | Found a staircase to the Ecumenical Temple.
  7649 | D:7      | Reached XP level 9. HP: 15/55 MP: 0/0
  7649 | D:7      | Learned a level 4 spell: Petrify
  7950 | D:7      | Reached skill level 5 in Stealth
  8834 | D:7      | Found Norishre's Weapon Emporium.
  8904 | D:7      | Identified the +0 mace "Hydraslayer" {freeze, rCorr Dex+2
                  | SInv Stlth-}
  9048 | Temple   | Entered the Ecumenical Temple
  9123 | Temple   | Became a worshipper of Hepliaklqana the Forgotten
  9647 | D:8      | Reached XP level 10. HP: 34/60 MP: 0/0
  9839 | D:8      | You are sucked into a shaft and drop 2 floors!
  9839 | D:10     | Entered Level 10 of the Dungeon
  9924 | D:9      | Noticed Erolcha
 10058 | D:9      | Killed Erolcha
 11073 | D:9      | Noticed a kobold demonologist
 11103 | D:9      | Noticed an ice devil
 11108 | D:9      | Noticed a sun demon
 11115 | D:9      | Noticed an orange demon
 11115 | D:9      | Slain by an ice devil

Illustrated notes

Levels and vault maps discovered:
D:1:      lightli_arrival_windingriver, layout_loops_ring,
          ebering_ecumenical_altar_ruins, serial_forest,
          infiniplex_forest_straight_2, infiniplex_forest_end_double,
          infiniplex_forest_clump_curved, infiniplex_forest_lined_room_,
          infiniplex_forest_corner_1, infiniplex_forest_clump_double,
          infiniplex_forest_end_double, infiniplex_forest_straight_2
D:2:      layout_basic, uniq_crazy_yiuf_cottage
D:3:      layout_basic, minmay_misc_feat_plants
D:4:      layout_basic, minmay_misc_feat_room, minmay_tree_intersection
D:5:      layout_layer_cave, mainiacjoe_overflow_tiny_flanked, moated_statue
D:6:      layout_loops_ring, serial_shops, nicolae_diamond_shop
D:7:      layout_basic, minmay_temple_entry_tees, serial_shops,
          nicolae_diamond_shop, eino_jars
D:8:      layout_loops_ring
D:9:      wander_kiku_kobolds, layout_gridville, bh_walls_and_bars, uniq_erolcha
D:10:     layout_stronghold, erik_lair_orcish_takeover, uniq_grum
Temple:   grunt_wide_crystal_templ

Skill      XL: |  1  2  3  4  5  6  7  8  9 10 |
---------------+-------------------------------+-----
Stealth        | 2 3 4 6 |  6.9
Dodging        | 3 4 5 6 7 8 |  8.4
Spellcasting   | 4 5 6 7 8 |  8.8

Action                   |  1- 3 |  4- 6 |  7- 9 | 10-12 || total
-------------------------+-------+-------+-------+-------++-------
Melee: Unarmed           |     2 |       |       |       ||     2
       Quarterstaff      |       |       |     1 |       ||     1
 Cast: Freeze            |    31 |     5 |     1 |    17 ||    54
       Shock             |    41 |   113 |   181 |    84 ||   419
       Ozocubu's Armour  |       |       |    16 |     5 ||    21
       Poisonous Vapours |       |       |     2 |       ||     2
       Slow              |       |       |     6 |     7 ||    13
       Frozen Ramparts   |       |       |     7 |    11 ||    18
       Petrify           |       |       |     1 |     9 ||    10
       Hailstorm         |       |       |       |     1 ||     1
 Stab: Petrifying        |       |       |     1 |       ||     1
Armor: Robe              |     7 |     1 |    19 |     5 ||    32
Dodge: Dodged            |    17 |    11 |    51 |    21 ||   100
